 Dungeon Crawl Stone Soup version 0.28.0-53-g5a82cb258f (webtiles) character file.

Game seed: 1816659768712200909

35 spiderkeys the Ducker (level 3, 0/22 HPs)
             Began as a Deep Elf Abyssal Knight on June 10, 2022.
             Was a Follower of Lugonu.
             Succumbed to an adder's poison
             ... on level 2 of the Dungeon.
             The game lasted 00:01:51 (1383 turns).

spiderkeys the Ducker (Deep Elf Abyssal Knight)     Turns: 1383, Time: 00:01:51

Health: 0/22       AC:  3    Str: 10    XL:     3   Next: 17%
Magic:  7/7        EV: 16    Int: 16    God:    Lugonu [*.....]
Gold:   52         SH:  0    Dex: 15    Spells: 5/5 levels left

rFire   . . .      SeeInvis .   a - +1 spear
rCold   . . .      Faith    .   (no shield)
rNeg    . . .      Spirit   .   b - +0 leather armour
rPois   .          Reflect  .   (no helmet)
rElec   .          Harm     .   (no cloak)
rCorr   .          Rampage  .   (no gloves)
Will    .....                   (no boots)
Stlth   +.........              (no amulet)
HPRegen 0.07/turn               E - +4 ring of evasion
MPRegen 0.10/turn               (no ring)

@: lethally poisoned (0 -> -1), on berserk cooldown, attractive, slowed, very
slow
A: no striking features
a: Renounce Religion, Depart the Abyss


You were on level 2 of the Dungeon.
You worshipped Lugonu.
Lugonu was aware of your devotion.
You visited 1 branch of the dungeon, and saw 2 of its levels.
You visited the Abyss 1 time.

You collected 52 gold pieces.


   Skills:
 + Level 2.7 Fighting
 - Level 1.3 Polearms
 - Level 0.7 Armour
 + Level 3.0 Dodging
 + Level 1.6 Spellcasting
 + Level 2.5 Invocations


You had 5 spell levels left.
You didn't know any spells.
Your spell library contained the following spells:

 Spells                   Type           Power      Damage    Failure   Level
 Animate Skeleton         Necr           2%         N/A       28%         1
 Apportation              Tloc           2%         N/A       28%         1
 Summon Small Mammal      Summ           4%         N/A       28%         1

Inventory:

Hand Weapons
 a - a +1 spear (weapon)
Missiles
 c - 61 stones
 h - 52 arrows
Armour
 b - a +0 leather armour (worn)
Jewellery
 E - a +4 ring of evasion (left hand)
   (You found it on level 1 of the Dungeon)
Scrolls
 e - a scroll of summoning {unknown}
 f - a scroll of identify {unknown}
Potions
 d - a potion of attraction {!q}

Dungeon Overview and Level Annotations

Branches:
Dungeon (2/15)

Altars:
Sif Muna

Shops:
D:2

(( #..$..#
####.#.........#
.#...##
#########.##........#
##...
....................#
.###
####.....##.#.._...#
# #.....##........#
#...#+##.......##
#...+ ..###.### ###.#
#@# #.......#
#.####... ..### ###


There were no monsters in sight!


Message History

😮 HP[-5]
You take 5 damage, and now have 11/18 hp.
MASSIVE DAMAGE!! (PAUSE)
You hit the endoplasm.
You kill the endoplasm!
Lugonu accepts your kill.
You feel sick. 😮 HP[-1]
You take 1 damage, and now have 10/18 hp.
You feel sick.
You see here an adder corpse. 😨 HP[-1]
You take 1 damage, and now have 9/18 hp.
You feel sick.
You are no longer poisoned.
Key pressed, stopping explore.
Key pressed, stopping explore.
Key pressed, stopping explore.
An endoplasm comes into view.
Found a stone staircase leading up. 😎 HP[+9] MP[+1]
Your hp is fully restored (18).
Your mp is fully restored (6).
An endoplasm is nearby!
The endoplasm quivers.
You reach to attack!
You hit the endoplasm but do no damage.
You reach to attack!
You barely miss the endoplasm. The endoplasm hits you. 😕 HP[-1]
You take 1 damage, and now have 17/18 hp.
You puncture the endoplasm!
You kill the endoplasm!
Lugonu accepts your kill.
Your Dodging skill increases to level 3!
No target in view!
e - a scroll labelled HUAKAKKIXO 😎 HP[+1]
Your hp is fully restored (18).
An adder comes into view.
You miss the adder. The adder closely misses you.
You closely miss the adder. The adder bites you.
You are poisoned.
The adder poisons you!
The adder bites you but does no damage. 😕 HP[-2]
You take 2 damage, and now have 16/18 hp.
You closely miss the adder.
You feel sick. The adder bites you. 😮 HP[-4]
You take 4 damage, and now have 12/18 hp.
MASSIVE DAMAGE!! (PAUSE) Unknown command.
You hit the adder.
You feel sick. The adder barely misses you. 😮 HP[-1]
You take 1 damage, and now have 11/18 hp.
You hit the adder.
You feel sick. The adder bites you.
* * * LOW HITPOINT WARNING * * *
You are lethally poisoned!
The adder poisons you!
The adder bites you but does no damage. 😨 HP[-3]
You take 3 damage, and now have 8/18 hp.
It was a potion of attraction.
You feel attractive to monsters.
* * * LOW HITPOINT WARNING * * *
You feel sick. The adder bites you.
* * * LOW HITPOINT WARNING * * *
😨 HP[-3]
You take 3 damage, and now have 5/18 hp.
It was a potion of berserk rage.
A red film seems to cover your vision as you go berserk!
You feel yourself moving faster!
You feel mighty!
* * * LOW HITPOINT WARNING * * *
You feel sick. The adder barely misses you. 😱 HP[+1]
You now have 27 max hp (+9).
You are too berserk!
You puncture the adder!
You kill the adder!
Lugonu accepts your kill.
* * * LOW HITPOINT WARNING * * *
You feel sick.
You have reached level 3!
Your experience leads to an increase in your attributes!
Increase (S)trength, (I)ntelligence, or (D)exterity?
You feel clever. x2 😱 MP[+1]
You now have 33 max hp (+6).
Your mp is fully restored (7).
Unknown command.
You start resting.
You feel sick.
You feel a strong urge to attack something.
You feel sick.
You feel your anger nearly subside.
You are no longer berserk.
You are exhausted.
You feel yourself slow down.
* * * LOW HITPOINT WARNING * * *
You feel sick. 😱 HP[-4]
You now have 22 max hp (-11).
It was a potion of magic.
Magic courses through your body.
* * * LOW HITPOINT WARNING * * *
You feel sick. 😱 HP[-1]
You take 1 damage, and now have 1/22 hp.
You die...

Skill      XL: |  1  2 |
---------------+-------+-----
Spellcasting   | 1 |  1.6
Dodging        | 3 |  3.0
Fighting       | |  2.7
Polearms       | |  1.3
Armour         | |  0.7
Invocations    | |  2.5

Action                   || total
-------------------------++-------
Melee: Spear             ||    59
  Use: Potion            ||     4
 Stab: Sleeping          ||     2
Armor: Leather armour    ||     8
Dodge: Dodged            ||    33

Levels and vault maps discovered:
D:1:      dpeg_arrival_brainrot, layout_basic
D:2:      layout_loops_ring, serial_shops, nicolae_shop_hallway_plus,
          nicolae_shop_behind_doors, nicolae_shop_window_shopping, basic_altar,
          grunt_decor_clamped, kennysheep_generic_room_8

Notes
Turn   | Place    | Note
-------+----------+-------------------------------------------
     0 | Abyss:1  | spiderkeys the Deep Elf Abyssal Knight began the quest for
                  | the Orb.
     0 | Abyss:1  | Reached XP level 1. HP: 13/13 MP: 4/4
     0 | Abyss:1  | magus.rc [v1.11.3]
   105 | D:1      | You pass through the gate.
   105 | D:1      | Escaped the Abyss
   256 | D:1      | You pick up a book of Cantrips and begin reading...
   256 | D:1      | You add the spells Animate Skeleton, Summon Small Mammal
                  | and Apportation to your library.
   696 | D:1      | Reached XP level 2. HP: 18/18 MP: 5/5
   826 | D:1      | Reached skill level 1 in Spellcasting
  1091 | D:2      | Found Saetowk's Antique Weapon Boutique.
  1116 | D:2      | Found Werasmon's Antique Weapon Shop.
  1152 | D:2      | Found a shimmering blue altar of Sif Muna.
  1354 | D:2      | Reached skill level 3 in Dodging
  1376 | D:2      | HP: 6/27 [poisoned by an adder]
  1378 | D:2      | Reached XP level 3. HP: 6/22 MP: 7/7
  1381 | D:2      | HP: 2/22 [poisoned by an adder]
  1383 | D:2      | Succumbed to an adder's poison

Vanquished Creatures
  2 adders (D:2)
  A dart slug (D:1)
  3 bats
  3 endoplasms
  A goblin (D:1)
  A hobgoblin (D:1)
  2 ball pythons (D:1)
  A frilled lizard (D:2)
  2 kobolds (D:1)
16 creatures vanquished.

Table legend:
 A = Non-vault XP
 B = Vault XP
 C = Vault XP percentage of total XP
 D = Non-vault monster count
 E = Vault monster count
 F = Vault count percentage of total count
                 A         B        C        D         E       F
            +---------+---------+-------+---------+---------+-------
      Total |      51 |       0 |   0.0 |      16 |       0 |   0.0
            +---------+---------+-------+---------+---------+-------
        D:1 |      17 |       0 |   0.0 |      10 |       0 |   0.0
        D:2 |      34 |       0 |   0.0 |       6 |       0 |   0.0
            +---------+---------+-------+---------+---------+-------

Illustrated notes

Table legend:
 A = Kills in this place as a percentage of kills in entire the game.
 B = Kills by you in this place as a percentage of kills by you in the entire game.
 C = Kills by friends in this place as a percentage of kills by friends in the entire game.
 D = Other kills in this place as a percentage of other kills in the entire game.
 E = Experience gained in this place as a percentage of experience gained in the entire game.
 F = Experience gained in this place divided by the number of levels of this place that you have seen.
                   A       B       C       D       E      F
               +-------+-------+-------+-------+-------+----------------------
         Total | 100.0 | 100.0 |   N/A |   N/A | 100.0 |  17.0
       Dungeon | 100.0 | 100.0 |   N/A |   N/A | 100.0 |  25.5
               +-------+-------+-------+-------+-------+----------------------

Table legend: (Time is in decaauts)
 A = Elapsed time spent in this place.
 B = Non-inter-level travel time spent in this place.
 C = Inter-level travel time spent in this place.
 D = Time resting spent in this place.
 E = Time spent auto-exploring this place.
 F = Levels seen in this place.
 G = Mean time per level.
                   A        B        C        D        E       F      G
               +--------+--------+--------+--------+--------+-----+--------+
         Total |   1382 |   1349 |     33 |      2 |   1197 |   3 |  460.7 |
       Dungeon |   1277 |   1244 |     33 |      2 |   1120 |   2 |  638.5 |
         Abyss |    105 |    105 |      0 |      0 |     77 |   1 |  105.0 |
               +--------+--------+--------+--------+--------+-----+--------+

Top non-repeatable levels by time:
     D:1: 949 daAuts
     D:2: 328 daAuts
 Abyss:1: 105 daAuts
